Map: Ruins of Endion

Players

Pokebunny

  • Race: Terran Terran
  • League: Grandmaster

RuFF - Winner!

  • Race: Terran Terran
  • League: Grandmaster

VOD

Have the link to the VOD?

Description

Time

  • Played on: April 7, 2016, 12:02 a.m.
  • Length: 14:32
Show
View Real Time Build Order
Export as new Build Order

Pokebunny Terran 

Build Orders: Reaper Expand, MMM Bio 

Get SALT Encoding   

  12  0:01  SCV  
  13  0:13  SCV  
  14  0:18  Supply Depot  
  14  0:25  SCV  
  15  0:40  Barracks, SCV  
  16  0:45  Refinery  
  16  0:52  SCV  
  17  1:04  SCV  
  18  1:16  SCV  
  19  1:28  Orbital Command  
  19  1:29  Reaper  
  20  1:41  Command Center  
  20  1:53  Supply Depot  
  20  1:54  SCV  
  21  2:01  Marine  
  21  2:07  Factory  
  22  2:10  SCV  
  22  2:13  Refinery  
  23  2:19  Marine  
  23  2:22  SCV  
  26  2:45  SCV  
  26  2:49  Barracks Reactor  
  26  2:53  Starport  
  26  2:54  Orbital Command  
  28  2:58  SCV  
  27  3:07  Command Center  
  27  3:11  Widow Mine  
  29  3:13  SCV  
  30  3:22  SCV  
  30  3:24  Marine  
  30  3:25  Marine, SCV  
  34  3:32  Medivac  
  36  3:35  SCV  
  36  3:38  SCV  
  36  3:40  Factory Tech Lab  
  38  3:42  Marine  
  38  3:43  Marine  
  40  3:51  SCV x2  
  40  3:52  Supply Depot  
  42  3:57  Barracks  
  42  4:03  Siege Tank  
  42  4:07  Marine  
  46  4:12  Supply Depot  
  46  4:13  Marine  
  46  4:16  Viking  
  49  4:22  Orbital Command  
  49  4:38  Siege Tank  
  51  4:41  Barracks, SCV x2  
  52  4:47  Marine x2, Barracks Tech Lab  
  47  4:54  Starport Reactor  
  47  4:58  SCV x2  
  47  4:59  SCV  
  48  5:06  Marine x3, Stimpack  
  51  5:10  Refinery, SCV x2  
  51  5:11  Refinery, SCV  
  54  5:21  Siege Tank  
  57  5:22  SCV x2  
  57  5:26  Marine x3  
  57  5:28  SCV  
  63  5:30  Supply Depot  
  63  5:34  SCV  
  64  5:35  Engineering Bay  
  64  5:37  Barracks Reactor  
  64  5:42  SCV x2  
  66  5:44  Medivac  
  66  5:46  SCV  
  66  5:49  Medivac  
  71  5:51  Marine x3  
  71  5:54  SCV x2  
  76  5:58  Supply Depot, SCV  
  76  6:00  Supply Depot  
  76  6:01  Siege Tank  
  80  6:06  SCV  
  80  6:08  Marine  
  80  6:09  Marine x2  
  84  6:15  Supply Depot  
  84  6:18  Marine  
  85  6:19  Marine, Medivac x2  
  85  6:24  Supply Depot, SCV x2  
  85  6:25  SCV  
  93  6:26  Supply Depot  
  93  6:34  Marine x3  
  93  6:35  Siege Tank  
  93  6:36  Marine  
  93  6:37  Marine  
  101  6:42  Supply Depot, Terran Infantry Weapons Level 1  
  101  6:48  SCV x2  
  98  6:57  Marine x4  
  98  6:58  Marine  
  90  7:07  Barracks  
  85  7:09  Barracks  
  69  7:23  Marine x4, Marauder  
  72  7:31  Barracks  
  72  7:33  Barracks  
  72  7:34  Barracks  
  67  7:38  SCV  
  67  7:39  SCV  
  67  7:41  Marine x4  
  69  7:44  Marine  
  69  7:45  SCV  
  69  7:47  Siege Tank  
  69  7:50  Medivac x2  
  78  7:53  Starport  
  78  7:54  Starport  
  78  7:56  SCV x2  
  78  7:57  SCV  
  81  7:59  Barracks Tech Lab, Marine x2  
  81  8:01  Barracks Reactor  
  81  8:03  Combat Shields  
  81  8:04  Marine  
  81  8:05  Marine  
  85  8:06  Marauder  
  85  8:12  Supply Depot, SCV x3  
  86  8:31  Barracks Tech Lab x2  
  86  8:32  Marine  
  86  8:33  Marine x3, Marauder  
  93  8:37  Terran Infantry Armor Level 1  
  93  8:39  Refinery, Viking x2  
  93  8:40  Viking  
  93  8:41  Refinery  
  98  8:42  Barracks Reactor  
  98  8:43  SCV x2  
  98  8:44  SCV  
  98  8:46  Missile Turret  
  101  8:48  Supply Depot  
  101  8:49  Missile Turret  
  101  8:53  Starport Tech Lab  
  101  9:02  Marine x2  
  103  9:03  Concussive Shells, Marine x4, Marauder x2  
  112  9:18  Viking x2  
  112  9:20  Liberator  
  112  9:21  Viking  
  118  9:30  Marine x8, Marauder x2  
  118  9:31  Fusion Core  
  127  9:32  Marauder x2  
  127  9:36  Liberator  
  134  9:40  Supply Depot  
  134  9:41  Supply Depot  
  134  9:44  Liberator, Supply Depot  
  134  9:49  Liberator, Marine x5  
  134  9:51  Marauder  
  144  10:06  Supply Depot  
  150  10:09  Supply Depot  
  150  10:10  Liberator, Supply Depot  
  150  10:12  Supply Depot  
  150  10:19  Liberator  
  116  10:42  Marine x4, Marauder x2  
  124  10:43  Marine x4, Marauder  
  116  10:55  Marauder  
  115  10:58  Advanced Ballistics  
  115  10:59  Marine x2  
  115  11:00  Marine  
  115  11:03  Marauder  
  114  11:05  Marine  
  114  11:06  Marine, Marauder  
  112  11:11  Marine x2  
  112  11:12  Marauder  
  112  11:15  Viking x3  
  122  11:19  Viking  
  122  11:21  Marine  
  122  11:25  Marine x5, Marauder  
  130  11:26  Marauder  
  130  11:27  Marine  
  130  11:29  Siege Tank  
  138  11:36  Marine  
  138  11:37  Marine, Marauder  
  138  11:39  Marine  
  143  11:45  Armory  
  141  11:47  Viking  
  141  11:51  Viking  
  145  11:57  Viking x2  
  149  12:06  Marine x2, Marauder  
  149  12:07  Marauder  
  155  12:22  Command Center  
  155  12:32  Viking x2  
  159  12:37  Viking  
  161  12:55  Viking  
  141  13:13  Viking x2  
  141  13:14  Viking  
  141  13:15  Marine  
  141  13:16  Marine x3, Marauder x2  
  155  13:31  Refinery  
  155  13:35  Refinery  
  128  13:53  Viking x3, Marine x2  
  128  13:54  Marine x3, Marauder x2  
  93  13:59  Marauder  
  95  14:04  Orbital Command  
  95  14:13  Marine x3  
Show
View Real Time Build Order
Export as new Build Order

RuFF Terran - Winner!

Build Orders: Hellion Opening, Reaper Expand, Mech 

Get SALT Encoding   

  12  0:00  SCV  
  13  0:13  SCV  
  14  0:17  Supply Depot  
  14  0:25  SCV  
  15  0:29  Refinery  
  15  0:39  SCV  
  16  0:46  Barracks  
  16  0:51  SCV  
  17  1:03  SCV  
  18  1:15  SCV  
  19  1:32  Orbital Command  
  19  1:33  Reaper  
  20  1:44  Command Center  
  20  1:56  Factory  
  20  1:59  SCV  
  21  2:08  Barracks Reactor  
  21  2:12  SCV  
  21  2:15  Supply Depot  
  22  2:24  SCV  
  23  2:37  SCV  
  24  2:48  Hellion x2  
  24  2:49  SCV  
  29  2:55  Command Center  
  29  3:01  Orbital Command  
  29  3:05  SCV  
  30  3:15  Starport  
  30  3:17  Barracks Reactor  
  30  3:20  SCV  
  30  3:24  Hellion  
  33  3:29  Hellion  
  33  3:30  SCV  
  36  3:34  Refinery  
  36  3:37  SCV  
  37  3:42  SCV  
  40  3:48  Hellion  
  40  3:49  SCV  
  40  3:50  Hellion  
  43  3:59  Viking  
  43  4:00  SCV  
  46  4:06  Viking, Orbital Command, SCV  
  49  4:20  SCV  
  51  4:24  SCV  
  49  4:47  SCV  
  49  4:50  SCV  
  51  4:57  SCV  
  51  4:59  SCV  
  57  5:00  Hellion x2  
  57  5:01  Refinery x2  
  57  5:02  SCV  
  57  5:06  Supply Depot  
  58  5:09  Engineering Bay, SCV  
  58  5:11  SCV  
  60  5:14  SCV  
  60  5:18  Supply Depot  
  61  5:21  Supply Depot  
  61  5:22  Supply Depot  
  61  5:28  Medivac x2, SCV x2  
  67  5:29  SCV  
  67  5:31  Marine  
  69  5:39  Missile Turret  
  69  5:40  Hellion x2, SCV x2  
  75  5:44  SCV  
  75  5:49  Armory  
  76  5:53  SCV  
  77  5:57  SCV  
  77  5:58  Medivac x2  
  77  5:59  Refinery  
  77  6:01  Refinery  
  77  6:02  Hellion x2  
  86  6:10  SCV  
  86  6:11  Factory x2, SCV  
  88  6:15  SCV  
  89  6:20  Factory  
  89  6:22  Liberator  
  89  6:23  SCV  
  89  6:24  Factory  
  90  7:05  Factory Tech Lab x3  
  88  7:17  SCV  
  88  7:21  Hellion  
  85  7:23  SCV  
  85  7:25  Factory Tech Lab  
  84  7:30  Terran Vehicle Weapons Level 1  
  84  7:31  Hellion  
  84  7:32  Siege Tank  
  84  7:35  Siege Tank  
  84  7:37  Siege Tank  
  84  7:43  Hellion  
  84  7:52  Supply Depot  
  84  7:53  Supply Depot x3  
  84  7:54  Supply Depot, SCV  
  84  7:55  Supply Depot x2  
  84  7:56  Hellion, Siege Tank, SCV x2  
  92  8:03  Infernal Pre-Igniter  
  92  8:04  Siege Tank  
  95  8:06  SCV  
  95  8:07  Siege Tank  
  95  8:09  Viking  
  101  8:13  Viking, Siege Tank  
  106  8:20  Sensor Tower  
  106  8:25  Hellion  
  106  8:26  Hellion, SCV  
  108  8:30  Supply Depot  
  108  8:39  Viking  
  110  8:43  Siege Tank x2  
  110  8:45  Viking  
  118  8:52  Starport  
  118  8:56  SCV x2  
  118  9:00  Missile Turret  
  118  9:01  Missile Turret  
  120  9:02  Missile Turret  
  120  9:06  Missile Turret  
  120  9:09  Viking  
  122  9:15  Viking  
  123  9:20  Siege Tank x3  
  123  9:21  Hellion x2, Siege Tank  
  139  9:25  Missile Turret  
  139  9:36  Missile Turret  
  139  9:38  SCV  
  139  9:42  Hellion  
  139  9:43  Hellion, Terran Vehicle And Ship Armor Level 1  
  144  9:46  SCV  
  144  9:47  Armory  
  144  9:48  Command Center  
  144  9:52  Siege Tank  
  148  9:54  Hellion, Siege Tank  
  148  9:55  Hellion  
  159  10:07  Hellion x2  
  159  10:15  Siege Tank  
  159  10:16  Siege Tank  
  143  10:46  Viking x3  
  147  10:57  Widow Mine x6  
  129  11:16  Viking x3  
  132  11:19  Terran Ship Weapons Level 1, Starport  
  132  11:21  Starport  
  126  11:33  Missile Turret  
  126  11:34  Missile Turret  
  126  11:37  Drilling Claws  
  126  11:45  Orbital Command  
  126  11:46  Viking x2  
  130  11:48  Viking, Missile Turret  
  132  11:59  Thor x2  
  144  12:13  Refinery, SCV  
  144  12:14  SCV x2  
  147  12:16  Viking x2  
  147  12:18  Viking x2  
  147  12:19  Viking  
  157  12:26  Refinery  
  157  12:30  Widow Mine  
  157  12:31  Widow Mine x2  
  163  12:46  Viking  
  165  12:51  Missile Turret  
  165  12:56  Command Center  
  155  13:14  Viking x3  
  155  13:15  Viking  
  163  13:22  Siege Tank x3  
  172  13:34  Command Center  
  172  13:45  Siege Tank  
  150  14:05  SCV  
Tags
 
Add a new tag
Caveats
  • Supply blocks, unpowered buildings, or Contaminate may cause inaccurate times.
  • Supply counts are checked every 10 seconds.